 Dungeon Crawl Stone Soup version 0.22.0 (webtiles) character file.

8433 Kirk the Destroyer (level 11, -2/61 HPs)
             Began as an Octopode Wizard on Aug 11, 2018.
             Was an Elder of Vehumet.
             Slain by a hell hound (6 damage)
             ... on level 2 of the Lair of Beasts.
             The game lasted 00:51:57 (12542 turns).

Kirk the Destroyer (Octopode Wizard)               Turns: 12542, Time: 00:51:58

Health: -2/61      AC:  1    Str:  7    XL:     11   Next: 30%
Magic:  23/25      EV: 13    Int: 27    God:    Vehumet [****..]
Gold:   388        SH:  4    Dex: 11    Spells: 14/30 levels left

rFire    . . .     SeeInvis .   C - +2 dagger (elec)
rCold    + . .     Gourm    .   E - +0 buckler
rNeg     . . .     Faith    .   a - +0 hat
rPois    .         Spirit   .   B - amulet of magic regeneration
rElec    .         Reflect  .   r - ring of protection from cold
rCorr    .         Harm     .   h - ring of protection from magic
MR       +....                  e - +3 ring of slaying
Stlth    ++++......             D - +4 ring of intelligence
HPRegen  0.20/turn              (no ring)
MPRegen  0.44/turn              (no ring)
                                (no ring)
                                (no ring)

@: about to teleport, very slightly contaminated
A: almost no armour, stealthy swim, amphibious, 8 rings, constrict 8, camouflage
1, gelatinous body 1
a: Renounce Religion


You were on level 2 of the Lair of Beasts.
You worshipped Vehumet.
Vehumet was greatly pleased with you.
You were not hungry.

You visited 3 branches of the dungeon, and saw 13 of its levels.
You also visited: Volcano.

You collected 511 gold pieces.
You spent 123 gold pieces at shops.

Inventory:

Hand Weapons
 z - the +1 mace of the Evening {crush, +Fly rPois rC+ Int-3}
   (You found it on level 4 of the Dungeon)

   It inflicts extra damage upon your enemies.
   It affects your intelligence (-3).
   It protects you from cold.
   It protects you from poison.
   It lets you fly.
 C - a +2 dagger of electrocution (weapon)
 F - a +6 short sword of draining
Missiles
 d - 21 poisoned needles
 f - 11 tomahawks (quivered)
 u - 11 javelins
Armour
 a - a +0 hat (worn)
 E - a +0 buckler (worn)
 J - a +2 shield
Magical Staves
 P - an uncursed staff of cold
Jewellery
 e - a +3 ring of slaying (on tentacle)
 h - a ring of protection from magic (right tentacle)
 i - an uncursed amulet of regeneration
 r - a ring of protection from cold (left tentacle)
 B - an amulet of magic regeneration (around mantle)
 D - a +4 ring of intelligence (on tentacle)
 O - an uncursed amulet of rage
Wands
 b - a wand of random effects (13)
 s - a wand of enslavement (11)
 H - a wand of paralysis (17)
 K - a wand of polymorph (14)
 R - a wand of iceblast (18)
Scrolls
 g - 2 scrolls of fear
 m - a scroll of fog
 o - 2 scrolls of immolation
 q - 2 scrolls of blinking
 v - 8 scrolls of remove curse
 w - 2 scrolls of teleportation
 y - a scroll of magic mapping
 A - 3 scrolls of identify
 L - a scroll of amnesia
 M - a scroll of enchant weapon
Potions
 j - a potion of might
 k - 3 potions of brilliance
 n - 4 potions of lignification
 p - 3 potions of resistance
 t - 3 potions of flight
 G - 2 potions of cancellation
 I - a potion of agility
 T - a potion of invisibility
Miscellaneous
 N - a lightning rod (4/4)
Comestibles
 c - 26 rations


   Skills:
 + Level 2.4 Short Blades
 - Level 2.0 Dodging
 - Level 6.0 Stealth
 - Level 4.0 Shields
 + Level 10.2 Spellcasting
 + Level 11.6 Conjurations
   Level 1.0 Summonings
 - Level 1.1 Translocations
 - Level 2.0 Fire Magic


You had 14 spell levels left.
You knew the following spells:

 Your Spells              Type           Power        Failure   Level  Hunger
a - Magic Dart            Conj           ####         1%          1    None
b - Blink                 Tloc           N/A          4%          2    None
c - Conjure Flame         Conj/Fire      ######..     1%          3    None
d - Mephitic Cloud        Conj/Pois/Air  ####....     1%          3    None
e - Slow                  Hex            ##......     6%          2    None
f - Lightning Bolt        Conj/Air       #####.....   3%          5    ####...

Your spell library contained the following spells:

 Spells                   Type           Power        Failure   Level  Hunger
 Call Imp                 Summ           ###.....     4%          2    None
 Spider Form              Tmut/Pois      ##........   13%         3    None
 Blade Hands              Tmut           ##........   75%         5    ####...
 Ice Form                 Ice/Tmut       ##......     38%         4    None
 Sticks to Snakes         Tmut           ##......     6%          2    None
 Beastly Appendage        Tmut           ##....       4%          1    None


Dungeon Overview and Level Annotations

Branches:
Dungeon (10/15)            Temple (1/1) D:4            Lair (2/6) D:9
    Orc (0/2) D:9
  Swamp: Lair:2-4    Shoals: Lair:2-4     Snake: Lair:2-4    Spider: Lair:2-4

Altars:
Ashenzari
Cheibriados
Dithmenos
Elyvilon
Fedhas
Gozag
Hepliaklqana
Kikubaaqudgha
Makhleb
Nemelex Xobeh
Okawaru
Qazlal
Ru
Sif Muna
Trog
Uskayaw
Vehumet
Wu Jian
Xom
Yredelemnul
Zin
The Shining One

Shops:
D:4 *   D:6 (   D:7 }

Annotations:
D:5 Menkaure
D:7 4 runed doors, Shavain's ghost, novice DEFE
Lair:1 exclusion: oklob plant


Innate Abilities, Weirdness & Mutations

You cannot wear most types of armour.
You are very stealthy in the water. (Stealth+)
You are amphibious.
You can wear up to eight rings at the same time.
You can use your tentacles to constrict eight enemies at once.
Your skin changes colour to match your surroundings (Stealth+).
Your rubbery body absorbs attacks. (AC +1, EV +1)


Message History

Welcome back to the Lair of Beasts!
There is a collapsed entrance here.
Okay, then.
You feel better. You block the hell hound's attack.
The hell hound breathes flames at you. The blast of flame hits you! You resist.
* * * LOW HITPOINT WARNING * * *
Okay, then.
As you read the scroll of teleportation, it crumbles to dust.
You feel strangely unstable. The hell hound bites you!
* * * LOW HITPOINT WARNING * * *
You feel better.
Your resistance to elements expires.
The hell hound bites you!
* * * LOW HITPOINT WARNING * * *
The hell hound closely misses you.
Casting: Mephitic Cloud (safe; 1% risk of failure)
Confirm with . or Enter, or press ? or * to list all spells.
You blink.
The hell hound bites you.
You die...

....#.#.###...............#
..........................#
..........................#*
...........................#
..........................##
....#+#.###......#.P...##..#
..*##.P.##.....###...###*.##
...#....###...######...#*,#
.......##≈##.###@###...#,,*
..##..##≈§§####.h§#*...#,,*
.,,#...≈≈§≈§##.#.##*....#,*
,,,#+...§.....####**......**
,,,*+..≈≈§≈§###****,,,..#.,*
,.>...##≈≈≈##,,,*,**,,*,*,**
.......##≈##,,,,,,,,,,,,,,*
.......,###,,,,,,,,,,,,,,,**
.......,,,,,,,,,,,,,,,,,,,,*


You could see a hell hound.

Vanquished Creatures
  Joseph (D:7)
  2 trolls (D:10)
  Grinder (D:6)
  2 hornets (D:9)
  3 blink frogs (Lair:2)
  A hippogriff (D:7)
  A spriggan (D:7)
  A fire bat (Volcano)
  A hungry ghost (D:7)
  A hell hound (Volcano)
  4 water moccasins
  A porcupine (Lair:1)
  Duvessa (D:7)
  2 black bears
  3 ice beasts
  2 orc warriors
  4 sky beasts
  2 necrophages
  3 phantoms
  4 ogres
  3 centaurs
  2 crocodiles (Lair:1)
  7 bullfrogs
  Blork the orc (D:5)
  A gnoll sergeant (D:8)
  Dowan (D:7)
  7 scorpions
  8 killer bees
  9 wights
  5 crimson imps
  A quasit (D:8)
  2 hounds
  2 jellies
  2 bullfrog skeletons
  5 orc priests
  7 orc wizards
  Jessica (D:3)
  4 hell rats (Lair:1)
  6 worker ants
  A hound skeleton (D:9)
  2 howler monkey zombies
  Robin (D:3)
  11 adders
  7 gnolls
  6 river rats (Lair:1)
  5 shadow imps
  3 adder skeletons
  6 worms
  4 dart slugs
  10 leopard geckos
  29 orcs
  3 ball pythons
  14 bats
  9 giant cockroaches
  14 goblins
  7 hobgoblins
  20 jackals
  6 kobolds
  4 quokkas
  5 frilled lizards
  A jackal skeleton (D:4)
  A jackal zombie (D:5)
  11 rats
294 creatures vanquished.

Vanquished Creatures (others)
  A fungus (Lair:2)
1 creature vanquished.

Grand Total: 295 creatures vanquished

Notes
Turn   | Place    | Note
-------+----------+-------------------------------------------
     0 | D:1      | Kirk the Octopode Wizard began the quest for the Orb.
     0 | D:1      | Reached XP level 1. HP: 11/11 MP: 4/4
   219 | D:1      | Reached XP level 2. HP: 14/17 MP: 0/6
   675 | D:1      | Reached XP level 3. HP: 21/21 MP: 4/8
  1162 | D:2      | Reached skill level 2 in Conjurations
  1259 | D:2      | Reached XP level 4. HP: 27/27 MP: 3/10
  1965 | D:2      | Reached XP level 5. HP: 31/31 MP: 2/11
  2091 | D:3      | Reached skill level 3 in Conjurations
  2353 | D:3      | Noticed Jessica
  2359 | D:3      | Killed Jessica
  2670 | D:3      | Noticed Robin
  2700 | D:3      | Learned a level 2 spell: Blink
  2704 | D:3      | Learned a level 3 spell: Conjure Flame
  2708 | D:3      | Learned a level 3 spell: Mephitic Cloud
  2917 | D:3      | Killed Robin
  3012 | D:3      | Reached XP level 6. HP: 28/36 MP: 4/13
  3096 | D:3      | Reached skill level 4 in Conjurations
  3456 | D:4      | Found Gajualoe's General Store.
  3464 | D:4      | Bought a scroll of teleportation for 39 gold pieces
  3464 | D:4      | Bought a potion of curing for 39 gold pieces
  3464 | D:4      | Bought a scroll of magic mapping for 45 gold pieces
  3540 | D:4      | Found a staircase to the Ecumenical Temple.
  3541 | D:4      | Noticed a phantom
  3557 | D:4      | Killed a phantom
  3557 | D:4      | Reached skill level 5 in Spellcasting
  3665 | Temple   | Entered the Ecumenical Temple
  3839 | Temple   | Became a worshipper of Vehumet
  4082 | D:4      | Got a fine mace
  4099 | D:4      | Identified the cursed +1 mace of the Evening {crush, +Fly rPois rC+ Int-3} (You found it on level 4 of the Dungeon)
  4198 | D:5      | Entered Level 5 of the Dungeon
  4424 | D:5      | Noticed a sky beast
  4442 | D:5      | Killed a sky beast
  4442 | D:5      | Reached skill level 5 in Conjurations
  4442 | D:5      | Reached XP level 7. HP: 41/41 MP: 6/15
  4483 | D:5      | Noticed Menkaure
  4852 | D:5      | Noticed Blork the orc
  4884 | D:5      | Killed Blork the orc
  5149 | D:5      | Reached skill level 6 in Conjurations
  5262 | D:5      | Found a stormy altar of Qazlal.
  5445 | D:5      | Learned a level 2 spell: Slow
  5471 | D:6      | Reached XP level 8. HP: 46/46 MP: 6/17
  5520 | D:6      | Found Amusiet's Weapon Shoppe.
  5638 | D:6      | Reached skill level 7 in Conjurations
  5766 | D:6      | Found a shattered altar of Ashenzari.
  6004 | D:6      | Reached * piety under Vehumet
  6004 | D:6      | Offered knowledge of Sting by Vehumet.
  6043 | D:6      | Reached skill level 1 in Fire Magic
  6133 | D:6      | Noticed Grinder
  6189 | D:6      | Killed Grinder
  6189 | D:6      | Reached skill level 8 in Conjurations
  6402 | D:7      | Reached XP level 9. HP: 50/51 MP: 16/19
  6413 | D:7      | Noticed Dowan
  6428 | D:7      | Killed Dowan
  6471 | D:7      | Noticed Duvessa
  6516 | D:7      | Killed Duvessa
  6664 | D:7      | Reached skill level 9 in Conjurations
  6950 | D:7      | Noticed Joseph
  6965 | D:7      | Reached skill level 1 in Short Blades
  6977 | D:7      | Killed Joseph
  7173 | D:7      | Reached skill level 10 in Conjurations
  7235 | D:7      | Found Caselag's Gadget Emporium.
  7312 | D:7      | Found a runed door.
  7880 | D:7      | Reached XP level 10. HP: 56/56 MP: 17/22
  7937 | D:7      | Offered knowledge of Searing Ray by Vehumet.
  7942 | D:7      | Reached ** piety under Vehumet
  8116 | D:7      | Found a runed gate.
  8117 | D:7      | Found a runed gate.
  8117 | D:7      | Found a runed gate.
  8153 | D:7      | Noticed Shavain's ghost (novice DEFE)
  9025 | D:8      | Offered knowledge of Throw Flame by Vehumet.
  9145 | D:8      | Reached *** piety under Vehumet
  9261 | D:9      | Reached skill level 11 in Conjurations
  9612 | D:9      | Paralysed by a hornet for 3 turns
  9761 | D:9      | Offered knowledge of Airstrike by Vehumet.
  9837 | D:9      | Found a staircase to the Lair.
  9876 | D:9      | Found a staircase to the Orcish Mines.
 10251 | D:9      | Reached skill level 10 in Spellcasting
 10445 | D:10     | Entered Level 10 of the Dungeon
 10502 | D:10     | Reached skill level 1 in Shields
 10616 | D:10     | Reached XP level 11. HP: 61/61 MP: 8/25
 10809 | D:10     | Reached **** piety under Vehumet
 10954 | Lair:1   | Entered Level 1 of the Lair of Beasts
 11654 | Lair:1   | Noticed an oklob plant
 11729 | Lair:1   | Reached skill level 5 in Stealth
 12238 | Lair:2   | Offered knowledge of Lightning Bolt by Vehumet.
 12248 | Lair:1   | Learned a level 5 spell: Lightning Bolt
 12449 | Lair:2   | Found a dark tunnel.
 12454 | Volcano  | Entered a volcano
 12500 | Volcano  | Noticed a fire dragon
 12518 | Volcano  | Noticed a hell hog
 12542 | Lair:2   | Slain by a hell hound

Skill      XL: |  1  2  3  4  5  6  7  8  9 10 11 |
---------------+----------------------------------+-----
Spellcasting   | 4 5 6 7 8 10 | 10.2
Conjurations   | 2 3 5 6 8 10 11 | 11.6
Fire Magic     | 1 2 |  2.0
Short Blades   | 1 2 |  2.4
Shields        | 3 4 |  4.0
Stealth        | 6 |  6.0
Dodging        | |  2.0
Summonings     | |  1.0
Translocations | |  1.1

Action                   |  1- 3 |  4- 6 |  7- 9 | 10-12 || total
-------------------------+-------+-------+-------+-------++-------
Melee: Dagger            |    27 |    24 |       |    38 ||    89
       Constrict         |     9 |     7 |     9 |    10 ||    35
       Unarmed           |     2 |       |       |       ||     2
       Tentacles         |     4 |     3 |     2 |     5 ||    14
       Short sword       |       |       |    23 |       ||    23
 Cast: Magic Dart        |    76 |   220 |   314 |   572 ||  1182
       Mephitic Cloud    |       |     1 |    16 |    41 ||    58
       Conjure Flame     |       |     1 |    21 |    47 ||    69
       Blink             |       |       |     2 |     4 ||     6
       Slow              |       |       |       |     2 ||     2
Evoke: Wand              |       |    13 |     9 |     5 ||    27
  Use: Scroll            |     4 |     8 |     2 |     6 ||    20
       Potion            |       |     3 |     1 |     8 ||    12
 Stab: Confused          |       |     1 |     4 |     2 ||     7
       Sleeping          |       |       |     2 |     2 ||     4
  Eat: Chunk             |     1 |     7 |     6 |    12 ||    26
       Ration            |       |     1 |     1 |     1 ||     3
Armor: Skin              |     3 |     8 |     2 |     2 ||    15
Dodge: Dodged            |    17 |    58 |    47 |    83 ||   205
Block: Buckler           |       |       |       |     9 ||     9
